 Dungeon Crawl Stone Soup version 0.21.1-1-g345015f (webtiles) character file.

1202 Kairos the Cudgeler (level 8, -11/60 HPs)
             Began as a Demonspawn Gladiator on Mar 26, 2018.
             Was a Follower of Okawaru.
             Mangled by Prince Ribbit (13 damage)
             ... on level 6 of the Dungeon.
             The game lasted 00:15:09 (8131 turns).

Kairos the Cudgeler (Demonspawn Gladiator)          Turns: 8131, Time: 00:15:10

Health: -11/60     AC: 13    Str: 17    XL:     8   Next: 21%
Magic:  8/8        EV:  9    Int: 10    God:    Okawaru [*.....]
Gold:   504        SH:  0    Dex: 18    Spells: 7/7 levels left

rFire    + . .     SeeInvis .   w - +0 whip (vamp)
rCold    . . .     Gourm    .   (no shield)
rNeg     + . .     Faith    .   q - +0 chain mail
rPois    .         Spirit   .   (helmet restricted)
rElec    .         Reflect  .   y - +0 cloak
rCorr    +         Harm     .   (no gloves)
MR       .....                  (no boots)
Stlth    ..........             (no amulet)
HPRegen  0.20/turn              s - +3 ring of protection
MPRegen  0.11/turn              u - ring "Junub" {rCorr rN+ Dex+4}

@: about to teleport
A: horns 2, fire resistance 1, powered by death 2
a: Heroism, Renounce Religion


You were on level 6 of the Dungeon.
You worshipped Okawaru.
Okawaru was aware of your devotion.
You were near starving.

You visited 2 branches of the dungeon, and saw 7 of its levels.
You also visited: Sewer.

You collected 504 gold pieces.

Inventory:

Hand Weapons
 r - a +0 whip of electrocution
 w - a +0 vampiric whip (weapon)
 z - a +3 dire flail of crushing
Missiles
 d - 4 throwing nets (quivered)
Armour
 b - a +0 leather armour
 q - a +0 chain mail (worn)
 y - a +0 cloak (worn)
Jewellery
 e - an uncursed ring of protection from fire
 s - a +3 ring of protection (left hand)
 u - the ring "Junub" (right hand) {rCorr rN+ Dex+4}
   (You took it off a gnoll shaman on level 5 of the Dungeon)

   [ring of resist corrosion]

   It affects your dexterity (+4).
   It protects you from negative energy.
Wands
 k - a wand of random effects (28)
Scrolls
 a - a scroll of enchant weapon
 c - 5 scrolls of teleportation
 j - 5 scrolls of remove curse
 l - 8 scrolls of identify {unknown}
 o - a scroll of magic mapping {unknown}
 p - a scroll of fear {unknown}
 t - a scroll of silence {unknown}
Potions
 g - a potion of ambrosia {unknown}
 h - 3 potions of curing {unknown}
 i - 6 potions of heal wounds {unknown}
 m - 3 potions of flight {unknown}
 n - a potion of might {unknown}
 v - a potion of brilliance {unknown}
Comestibles
 f - 9 rations


   Skills:
 + Level 3.8 Fighting
 + Level 6.4 Maces & Flails
 + Level 1.9 Throwing
 + Level 4.5 Armour
 + Level 4.1 Dodging
 + Level 1.7 Stealth


You had 7 spell levels left.
You didn't know any spells.

Dungeon Overview and Level Annotations

Branches:
Dungeon (6/15)             Temple (1/1) D:5

Altars:
Cheibriados
Dithmenos
Elyvilon
Hepliaklqana
Kikubaaqudgha
Makhleb
Nemelex Xobeh
Okawaru
Qazlal
Ru
Trog
Uskayaw
Vehumet
Wu Jian
Yredelemnul
Zin
The Shining One

Shops:
D:5 *

Annotations:
D:6 Prince Ribbit


Innate Abilities, Weirdness & Mutations

You have a pair of horns on your head.
Your flesh is heat resistant. (rF+)
You regenerate health from kills.


Message History

Prince Ribbit is moderately wounded.
Prince Ribbit hits you!
You hit Prince Ribbit.
You feel better.
Prince Ribbit is moderately wounded.
Prince Ribbit hits you.
You miss Prince Ribbit.
Prince Ribbit is moderately wounded.
Prince Ribbit hits you.
You barely miss Prince Ribbit.
Prince Ribbit is moderately wounded.
Prince Ribbit croaks regally.
Prince Ribbit hits you!
* * * LOW HITPOINT WARNING * * *
Prince Ribbit hits you!
* * * LOW HITPOINT WARNING * * *
As you read the scroll labeled KUESOU IJUMAMP, it crumbles to dust.
You feel strangely unstable.
It was a scroll of teleportation.
Prince Ribbit hits you but does no damage.
Prince Ribbit hits you!
You die...

................
..#............
#.#..#.##......
##.#..#.........
#.....#.....##..
#.....#.#####...
#.......###....♣
..########......#.......
.......@........#.>...##
#.....##F#..#.#.#...##
#.....##.#......####
#...........#.#.#
#.###.......#.#.# #
#.......+....
#.......#.#.##
#.##.#..#.#.# #.
#.#..... .


You could see Prince Ribbit.

Vanquished Creatures
  Edmund (D:5)
  An ice beast (D:6)
  An ogre (D:5)
  Blork the orc (D:4)
  A big kobold (Sewer)
  A bullfrog (D:5)
  A hound (D:3)
  A quasit (D:5)
  An orc wizard (D:4)
  A gnoll shaman (D:5)
  An orc priest (D:4)
  Ijyb (D:3)
  Natasha (thrice) (D:2)
  2 iguanas (D:5)
  2 worker ants (D:4)
  12 gnolls
  10 adders
  A howler monkey skeleton (D:5)
  A river rat (Sewer)
  4 oozes
  An adder skeleton (D:4)
  A worm (D:2)
  4 dart slugs
  7 leopard geckos
  7 orcs
  2 ball pythons
  4 giant cockroaches
  6 goblins
  8 hobgoblins
  10 jackals
  5 kobolds
  2 quokkas (D:2)
  5 bats
  4 frilled lizards
  9 rats
  A fungus (D:1)
123 creatures vanquished.

Notes
Turn   | Place    | Note
-------+----------+-------------------------------------------
     0 | D:1      | Kairos the Demonspawn Gladiator began the quest for the Orb.
     0 | D:1      | Reached XP level 1. HP: 16/16 MP: 1/1
    73 | D:1      | Reached skill level 3 in Maces & Flails
    73 | D:1      | Gained mutation: You have a pair of small horns on your head. [demonic ancestry]
    73 | D:1      | Reached XP level 2. HP: 20/22 MP: 2/2
   856 | D:1      | Reached XP level 3. HP: 21/27 MP: 3/3
  1274 | D:2      | Found a faded altar of an unknown god.
  1376 | D:2      | Found a white marble altar of Elyvilon.
  1410 | D:2      | Noticed Natasha
  1417 | D:2      | Killed Natasha
  1417 | D:2      | Gained mutation: Your flesh is heat resistant. (rF+) [demonic ancestry]
  1417 | D:2      | Reached XP level 4. HP: 27/33 MP: 4/4
  1576 | D:2      | Reached skill level 1 in Armour
  1581 | D:2      | Noticed Natasha
  1589 | D:2      | Killed Natasha
  2020 | D:2      | Gained mutation: You regenerate a little health from kills. [demonic ancestry]
  2020 | D:2      | Reached XP level 5. HP: 39/39 MP: 5/5
  2027 | D:2      | Reached skill level 4 in Maces & Flails
  2559 | D:2      | Noticed Natasha
  2568 | D:2      | Killed Natasha
  2568 | D:2      | Reached skill level 1 in Stealth
  3720 | D:3      | Noticed Ijyb
  3743 | D:3      | Killed Ijyb
  3743 | D:3      | Gained mutation: You regenerate health from kills. [demonic ancestry]
  3743 | D:3      | Reached XP level 6. HP: 37/46 MP: 6/6
  3845 | D:3      | Found a glowing drain.
  3860 | Sewer    | Entered a sewer
  4125 | Sewer    | Found a white marble altar of Elyvilon.
  4314 | D:3      | Found a bloodstained altar of Trog.
  4713 | D:4      | Reached skill level 5 in Maces & Flails
  4870 | D:4      | Noticed Blork the orc
  4881 | D:4      | Killed Blork the orc
  5117 | D:4      | Found an iron altar of Okawaru.
  5158 | D:4      | Became a worshipper of Warmaster Okawaru
  5222 | D:4      | Gained mutation: You have a pair of horns on your head. [demonic ancestry]
  5222 | D:4      | Reached XP level 7. HP: 52/52 MP: 7/7
  6026 | D:5      | Entered Level 5 of the Dungeon
  6588 | D:5      | Found a staircase to the Ecumenical Temple.
  7191 | D:5      | Got a translucent tin ring
  7284 | D:5      | Reached skill level 6 in Maces & Flails
  7294 | D:5      | Identified the ring "Junub" {rCorr rN+ Dex+4} (You took it off a gnoll shaman on level 5 of the Dungeon)
  7317 | D:5      | Found Useuwineg's General Store.
  7371 | D:5      | Found a glowing golden altar of the Shining One.
  7372 | D:5      | Found a bloodstained altar of Trog.
  7405 | D:5      | Noticed Edmund
  7428 | D:5      | Killed Edmund
  7428 | D:5      | Reached XP level 8. HP: 37/60 MP: 8/8
  7684 | Temple   | Entered the Ecumenical Temple
  7812 | D:6      | Noticed Prince Ribbit
  7835 | D:5      | Reached * piety under Okawaru
  8128 | D:6      | HP: 2/60 [Prince Ribbit (13)]
  8131 | D:6      | Mangled by Prince Ribbit

Skill      XL: |  1  2  3  4  5  6  7 |
---------------+----------------------+-----
Maces & Flails | 3 4 5 6 |  6.4
Dodging        | 3 4 |  4.1
Armour         | 1 2 4 |  4.5
Stealth        | 1 |  1.7
Fighting       | 3 |  3.8
Throwing       | |  1.9

Action                   |  1- 3 |  4- 6 |  7- 9 || total
-------------------------+-------+-------+-------++-------
Melee: Flail             |    97 |   217 |    47 ||   361
       Headbutt          |    11 |    26 |    48 ||    85
       Halberd           |       |    10 |       ||    10
       Whip              |       |       |   176 ||   176
  Use: Scroll            |       |     2 |     2 ||     4
 Stab: Sleeping          |     1 |     5 |       ||     6
  Eat: Chunk             |     2 |    11 |     3 ||    16
       Ration            |       |       |     3 ||     3
Armor: Leather armour    |    16 |    32 |       ||    48
       Chain mail        |       |    19 |   109 ||   128
Dodge: Dodged            |    66 |   160 |    95 ||   321
